[Event "FIDE World Rapid-ch Open 2018"]
[White "Carlsen, Magnus"]
[Black "Anand, Viswanathan"]
[Site "St. Petersburg"]
[Round "12.1"]
[Annotator "ChessBase"]
[Result "1/2-1/2"]
[Date "2018.12.28"]
[WhiteElo "2835"]
[BlackElo "2773"]
[PlyCount "88"]
[TimeControl "900+10"]

1. c4 c5 2. Nf3 Nc6 3. d4 cxd4 4. Nxd4 Nf6 5. Nc3 e6 6. e4 Bb4 7. Nxc6 bxc6 8. Bd3 e5 9. 0-0 0-0 10. Qe2 Bxc3 11. bxc3 d6 12. c5 dxc5 13. f3 Be6 14. Be3 Qe7 15. a4 Rfb8 16. Rfb1 Nd7 17. a5 Qd8 18. Rd1 Qe7 19. Bc4 Nf8 20. Ba6 Rb3 21. Qd2 Rab8 22. Bf1 Nd7 23. Bf2 h6 24. Qd6 Qxd6 25. Rxd6 Rb1 26. Rxb1 Rxb1 27. g4 Bc4 28. Rxd7 Rxf1+ 29. Kg2 a6 30. Re7 f6 31. h4 Rc1 32. g5 hxg5 33. hxg5 fxg5 34. Rxe5 g4 35. fxg4 Bf1+ 36. Kf3 Rxc3+ 37. Kf4 Be2 38. Bxc5 Rf3+ 39. Kg5 Rg3 40. Re8+ Kh7 41. Kf5 Rxg4 42. Bd4 Rg6 43. Re7 Bd3 44. Kf4 Kg8 1/2-1/2

[Event "FIDE World Rapid-ch Open 2018"]
[White "Yu, Yangyi"]
[Black "Gelfand, Boris"]
[Site "St. Petersburg"]
[Round "12.2"]
[Annotator "RC"]
[Result "1/2-1/2"]
[Date "2018.12.28"]
[WhiteElo "2764"]
[BlackElo "2673"]
[PlyCount "81"]
[TimeControl "900+10"]

1. d4 Nf6 2. c4 e6 3. g3 Bb4+ 4. Nd2 c5 5. dxc5 0-0 6. Bg2 Bxc5 7. Ngf3 Nc6 8. 0-0 d5 9. e3 Qe7 10. a3 a5 11. cxd5 exd5 12. Nb3 Bg4 13. h3 Bh5 14. Nxc5 Qxc5 15. Bd2 Ne4 16. Rc1 Qb6 17. Bc3 Rfd8 18. Bd4 Qb5 19. g4 Bg6 20. Ne5 Rac8 21. Nxc6 Rxc6 22. f3 Nc5 23. Bxc5 Rxc5 24. Rxc5 Qxc5 25. Qd4 Qxd4 26. exd4 Rc8 27. Re1 Kf8 28. f4 Be4 29. Bxe4 dxe4 30. Rxe4 Rc2 31. Re5 Rxb2 32. Rxa5 Ke7 33. a4 Rb4 34. Ra7 Rxd4 35. Rxb7+ Kf6 36. a5 Rxf4 37. a6 Ra4 38. a7 Ra2 39. Kf1 g6 40. h4 h5 41. g5+ 1/2-1/2

[Event "FIDE World Rapid-ch Open 2018"]
[White "Matlakov, Maxim"]
[Black "Artemiev, Vladislav"]
[Site "St. Petersburg"]
[Round "12.3"]
[Annotator "RC"]
[Result "1/2-1/2"]
[Date "2018.12.28"]
[WhiteElo "2700"]
[BlackElo "2709"]
[PlyCount "71"]
[TimeControl "900+10"]

1. c4 e5 2. Nc3 Nf6 3. Nf3 Nc6 4. g3 g6 5. d4 exd4 6. Nxd4 Bg7 7. Bg2 0-0 8. 0-0 Re8 9. Nc2 d6 10. Qd2 a5 11. b3 Nb4 12. Bb2 Nxc2 13. Qxc2 Bf5 14. Qc1 c6 15. Qd2 Ne4 16. Nxe4 Bxb2 17. Qxb2 Bxe4 18. Rad1 Bxg2 19. Kxg2 a4 20. e3 axb3 21. axb3 Re6 22. Rd3 Qf6 23. Qd2 h5 24. Rd1 h4 25. Rd4 Ra3 26. Rf4 Qe5 27. Qc2 hxg3 28. hxg3 Rf6 29. Rxf6 Qxf6 30. Rd4 Kg7 31. Qd3 Ra2 32. Rf4 Qe5 33. Rd4 Qf6 34. Rf4 Qe5 35. Rd4 Qf6 36. Rf4 1/2-1/2

[Event "FIDE World Rapid-ch Open 2018"]
[White "Wang, Hao"]
[Black "Giri, Anish"]
[Site "St. Petersburg"]
[Round "12.4"]
[Annotator "ChessBase"]
[Result "1/2-1/2"]
[Date "2018.12.28"]
[WhiteElo "2730"]
[BlackElo "2783"]
[PlyCount "52"]
[TimeControl "900+10"]

1. e4 c5 2. Nf3 d6 3. d4 cxd4 4. Nxd4 Nf6 5. Nc3 a6 6. h3 e5 7. Nde2 h5 8. Nd5 Nxd5 9. Qxd5 Nc6 10. Qd1 Be6 11. Nc3 Rc8 12. Be3 Ne7 13. Be2 d5 14. exd5 Nxd5 15. Nxd5 Qxd5 16. c3 Qxd1+ 17. Rxd1 Bc5 18. Bf3 Bxe3 19. fxe3 Ke7 20. Bd5 Rhd8 21. Bb3 Rxd1+ 22. Kxd1 Rd8+ 23. Ke2 h4 24. Bxe6 Kxe6 25. c4 e4 26. Rc1 f5 1/2-1/2

[Event "FIDE World Rapid-ch Open 2018"]
[White "Korobov, Anton"]
[Black "Dubov, Daniil"]
[Site "St. Petersburg"]
[Round "12.5"]
[Annotator "ChessBase"]
[Result "0-1"]
[Date "2018.12.28"]
[WhiteElo "2698"]
[BlackElo "2703"]
[PlyCount "98"]
[TimeControl "900+10"]

1. d4 d5 2. c4 e6 3. Nc3 Bb4 4. e3 Nf6 5. a3 Be7 6. Nf3 0-0 7. Qc2 Nbd7 8. b4 c6 9. Bb2 dxc4 10. Bxc4 a5 11. bxa5 Rxa5 12. 0-0 b6 13. Ne2 Bb7 14. a4 Qa8 15. Bc3 Ra7 16. Ng5 Ba6 17. Bxa6 Rxa6 18. Nf4 Bd6 19. Nd3 h6 20. Nf3 Rc8 21. Rfc1 Ra7 22. Qb3 Be7 23. h3 c5 24. dxc5 Nxc5 25. Nxc5 Rxc5 26. Rcb1 Ra6 27. Bb4 Rc7 28. Bxe7 Rxe7 29. Nd4 Ne4 30. Rc1 Nc5 31. Qb5 Rea7 32. Nc6 Rc7 33. Ne5 Rca7 34. a5 Rxa5 35. Rxa5 Rxa5 36. Qxb6 Ne4 37. Qd4 Rd5 38. Qxe4 Rd1+ 39. Rxd1 Qxe4 40. Rd8+ Kh7 41. Nxf7 Qb1+ 42. Kh2 Qf5 43. Rh8+ Kg6 44. Rf8 Qc5 45. Nh8+ Kh7 46. Rf4 g5 47. Re4 Qd6+ 48. g3 Qd2 49. Kg2 Qd5 0-1

[Event "FIDE World Rapid-ch Open 2018"]
[White "Zhigalko, Sergei"]
[Black "Andreikin, Dmitry"]
[Site "St. Petersburg"]
[Round "12.6"]
[Annotator "ChessBase"]
[Result "1/2-1/2"]
[Date "2018.12.28"]
[WhiteElo "2604"]
[BlackElo "2719"]
[PlyCount "61"]
[TimeControl "900+10"]

1. e4 g6 2. d4 Bg7 3. Nc3 c6 4. Nf3 d6 5. h3 Nf6 6. a4 0-0 7. Be3 Qc7 8. a5 e5 9. dxe5 dxe5 10. Bc4 Nh5 11. 0-0 Nf4 12. Re1 Be6 13. Bf1 h6 14. Ne2 Nd7 15. Qd2 g5 16. Ng3 Rfd8 17. Qc3 Nf8 18. Red1 N8g6 19. Rxd8+ Qxd8 20. a6 bxa6 21. Rxa6 Qd1 22. Rxa7 Rxa7 23. Bxa7 Nh4 24. Ne1 f5 25. exf5 Bd5 26. Kh2 Nfxg2 27. Nxg2 Nf3+ 28. Kh1 Nh4 29. Kh2 Nf3+ 30. Kh1 Nh4 31. Kh2 1/2-1/2

[Event "FIDE World Rapid-ch Open 2018"]
[White "Mamedyarov, Shakhriyar"]
[Black "Anton Guijarro, David"]
[Site "St. Petersburg"]
[Round "12.7"]
[Annotator "RC"]
[Result "1-0"]
[Date "2018.12.28"]
[WhiteElo "2817"]
[BlackElo "2642"]
[PlyCount "69"]
[TimeControl "900+10"]

1. d4 f5 2. c4 Nf6 3. Nf3 g6 4. g3 Bg7 5. Bg2 0-0 6. 0-0 d6 7. Nc3 c6 8. Qb3 Na6 9. Re1 Kh8 10. e4 e5 11. exf5 exd4 12. Nxd4 Nc5 13. Qd1 gxf5 14. Bf4 Nce4 15. Rc1 d5 16. Nxe4 Nxe4 17. Be3 c5 18. Nb3 b6 19. cxd5 Bxb2 20. Nd2 Bxc1 21. Qxc1 Nf6 22. Bh6 Re8 23. Rxe8+ Qxe8 24. d6 Rb8 25. Qc3 Qg6 26. Bf8 Kg8 27. Be7 Ng4 28. h3 Nh6 29. Nc4 Be6 30. Ne5 Qg7 31. Qe3 f4 32. Qxf4 Nf5 33. Ng4 Qd4 34. Be4 Ng7 35. d7 1-0

[Event "FIDE World Rapid-ch Open 2018"]
[White "Petrosian, Tigran L."]
[Black "Nepomniachtchi, Ian"]
[Site "St. Petersburg"]
[Round "12.8"]
[Annotator "ChessBase"]
[Result "1/2-1/2"]
[Date "2018.12.28"]
[WhiteElo "2598"]
[BlackElo "2763"]
[PlyCount "37"]
[TimeControl "900+10"]

1. Nf3 c5 2. g3 Nc6 3. c4 g6 4. Nc3 Bg7 5. Bg2 d6 6. 0-0 e6 7. e3 Nge7 8. d4 cxd4 9. exd4 d5 10. cxd5 exd5 11. Ne5 0-0 12. Bg5 Be6 13. Re1 Re8 14. Qd2 Rc8 15. Rad1 a6 16. Nxc6 Rxc6 17. Nxd5 Bxd5 18. Rxe7 Rxe7 19. Bxe7 1/2-1/2

[Event "FIDE World Rapid-ch Open 2018"]
[White "Svidler, Peter"]
[Black "Firouzja, Alireza"]
[Site "St. Petersburg"]
[Round "12.9"]
[Annotator "ChessBase"]
[Result "0-1"]
[Date "2018.12.28"]
[WhiteElo "2737"]
[BlackElo "2607"]
[PlyCount "66"]
[TimeControl "900+10"]

1. c4 g6 2. d4 Bg7 3. Nf3 Nf6 4. g3 0-0 5. Bg2 d6 6. 0-0 Ne4 7. Qc2 f5 8. Nc3 Nxc3 9. Qxc3 Nc6 10. Rd1 Qe8 11. Qb3 e5 12. c5+ Kh8 13. d5 Nd8 14. Qa3 Nf7 15. Ng5 Nxg5 16. Bxg5 f4 17. cxd6 cxd6 18. Qxd6 h6 19. Be7 Rf7 20. Qxg6 Bf5 21. Qh5 Qxe7 22. d6 Qf6 23. Rd5 Bg6 24. Qg4 Rd8 25. Rad1 Rfd7 26. gxf4 exf4 27. R1d4 Rxd6 28. Rxf4 Qe7 29. Rxd6 Rxd6 30. e3 Kh7 31. h4 h5 32. Qe2 Be5 33. Rb4 b6 0-1

[Event "FIDE World Rapid-ch Open 2018"]
[White "Riazantsev, Alexander"]
[Black "Nakamura, Hikaru"]
[Site "St. Petersburg"]
[Round "12.10"]
[Annotator "ChessBase"]
[Result "0-1"]
[Date "2018.12.28"]
[WhiteElo "2649"]
[BlackElo "2746"]
[PlyCount "82"]
[TimeControl "900+10"]

1. d4 f5 2. g3 Nf6 3. Bg2 g6 4. c3 Bg7 5. Nd2 Nc6 6. f4 d6 7. e4 e5 8. fxe5 dxe5 9. d5 Ne7 10. c4 c6 11. Ne2 fxe4 12. Nxe4 Nxe4 13. Bxe4 cxd5 14. cxd5 0-0 15. Bg5 Qd6 16. Qb3 Rf7 17. Nc3 a6 18. Bg2 e4 19. Nxe4 Qe5 20. Bf4 Qxb2 21. Qxb2 Bxb2 22. Rb1 Bd4 23. Rd1 Nf5 24. d6 Bd7 25. Ng5 Rf6 26. Bd5+ Kg7 27. Ne4 Re8 28. Kd2 Rff8 29. Rc1 Bb6 30. Bxb7 Ba5+ 31. Kc2 Nd4+ 32. Kd3 Ne6 33. Be5+ Kh6 34. Nf6 Bb5+ 35. Kc2 Nc5 36. Nxe8 Rxe8 37. Rhe1 Bxe1 38. Rxe1 Nxb7 39. Bf4+ Kg7 40. Rxe8 Bxe8 41. Kc3 Kf7 0-1

[Event "FIDE World Rapid-ch Open 2018"]
[White "Saric, Ivan"]
[Black "Kamsky, Gata"]
[Site "St. Petersburg"]
[Round "12.12"]
[Annotator "ChessBase"]
[Result "1/2-1/2"]
[Date "2018.12.28"]
[WhiteElo "2695"]
[BlackElo "2666"]
[PlyCount "57"]
[TimeControl "900+10"]

1. e4 c5 2. Nf3 e6 3. d4 cxd4 4. Nxd4 a6 5. Bd3 g6 6. c4 Bg7 7. Nb3 Ne7 8. 0-0 Nbc6 9. Nc3 0-0 10. Bf4 d5 11. exd5 exd5 12. c5 b6 13. Bd6 bxc5 14. Bxc5 Re8 15. Re1 Rb8 16. Qd2 a5 17. Nb5 a4 18. N3d4 Nxd4 19. Nxd4 Bd7 20. Bf1 Nf5 21. Rxe8+ Qxe8 22. Re1 Qc8 23. Ba7 Nxd4 24. Bxd4 Qf8 25. Bxg7 Qxg7 26. Qxd5 Be6 27. Qe4 Qxb2 28. Qxa4 Qxa2 29. Qxa2 1/2-1/2

[Event "FIDE World Rapid-ch Open 2018"]
[White "Ponkratov, Pavel"]
[Black "Guseinov, Gadir"]
[Site "St. Petersburg"]
[Round "12.13"]
[Annotator "ChessBase"]
[Result "1-0"]
[Date "2018.12.28"]
[WhiteElo "2630"]
[BlackElo "2664"]
[PlyCount "87"]
[TimeControl "900+10"]

1. e4 c5 2. Nf3 g6 3. c3 d5 4. e5 Nc6 5. Bb5 Bd7 6. Bxc6 Bxc6 7. d4 cxd4 8. Nxd4 e6 9. 0-0 h5 10. Nd2 Nh6 11. N2f3 Nf5 12. Bg5 Be7 13. Bxe7 Qxe7 14. Nxf5 gxf5 15. Qd4 Rg8 16. h3 b6 17. a4 Rc8 18. a5 b5 19. a6 Ba8 20. b3 Qc5 21. Rfc1 Qxd4 22. cxd4 Kd7 23. Ne1 Ke7 24. Nd3 Bc6 25. Rc5 Bd7 26. Rac1 Rxc5 27. Rxc5 Rc8 28. Kh2 h4 29. b4 Bc6 30. g3 hxg3+ 31. fxg3 Kd7 32. Rc1 Kc7 33. Kg2 Kb6 34. Nc5 Rd8 35. Kf3 Bd7 36. h4 Bc8 37. h5 Bxa6 38. h6 Bc8 39. Nb3 Rh8 40. Kf4 Bd7 41. Rh1 Kc7 42. h7 Kd8 43. Kg5 Ke7 44. Kh6 1-0

[Event "FIDE World Rapid-ch Open 2018"]
[White "Alekseev, Evgeny"]
[Black "Oparin, Grigoriy"]
[Site "St. Petersburg"]
[Round "12.15"]
[Annotator "ChessBase"]
[Result "0-1"]
[Date "2018.12.28"]
[WhiteElo "2639"]
[BlackElo "2613"]
[PlyCount "76"]
[TimeControl "900+10"]

1. Nf3 Nf6 2. c4 b6 3. Nc3 Bb7 4. d3 c5 5. e4 Nc6 6. g3 g6 7. Bg2 Bg7 8. 0-0 0-0 9. h3 d6 10. Be3 Ne8 11. d4 cxd4 12. Nxd4 Rc8 13. b3 Qd7 14. Nde2 Nf6 15. Rc1 Rfd8 16. Qd2 e6 17. Rfd1 Qe7 18. Kh1 Qf8 19. Kg1 h6 20. Qe1 Qe7 21. Rd2 Rd7 22. Rcd1 Rcd8 23. f4 h5 24. Qf2 Nb4 25. Qe1 Na6 26. Nc1 h4 27. gxh4 Nc5 28. Bf2 Nh5 29. N1e2 Nxf4 30. Nxf4 Bxc3 31. Qe3 Bxd2 32. Rxd2 e5 33. Ne2 f5 34. Nc3 Qf7 35. Qe1 Nxe4 36. Nxe4 Bxe4 37. Bxe4 fxe4 38. Qxe4 Qf5 0-1

[Event "FIDE World Rapid-ch Open 2018"]
[White "Paravyan, David"]
[Black "Cheparinov, Ivan"]
[Site "St. Petersburg"]
[Round "12.16"]
[Annotator "ChessBase"]
[Result "1/2-1/2"]
[Date "2018.12.28"]
[WhiteElo "2634"]
[BlackElo "2709"]
[PlyCount "82"]
[TimeControl "900+10"]

1. d4 Nf6 2. Nf3 d5 3. a3 e6 4. Bf4 Bd6 5. e3 b6 6. Bb5+ c6 7. Bd3 Bxf4 8. exf4 Ba6 9. Bxa6 Nxa6 10. Qe2 Nc7 11. 0-0 0-0 12. Nbd2 c5 13. Rfd1 Nce8 14. dxc5 bxc5 15. Ne5 Nd6 16. b4 cxb4 17. axb4 Qb6 18. Ra6 Qxb4 19. Rb1 Qxf4 20. Nd3 Qd4 21. Rxd6 Rfc8 22. Nf3 Qa4 23. Rb4 Qa3 24. g3 Rc4 25. c3 a5 26. Rbb6 Ne4 27. Rd7 Nxc3 28. Qb2 Qxb2 29. Nxb2 Rcc8 30. Rbb7 Rcb8 31. Rxf7 Rxb7 32. Rxb7 a4 33. Nd3 a3 34. Nb4 a2 35. Nxa2 Nxa2 36. Nd4 Re8 37. f4 Nc3 38. f5 exf5 39. Nxf5 g6 40. Nh6+ Kh8 41. Nf7+ Kg8 1/2-1/2

[Event "FIDE World Rapid-ch Open 2018"]
[White "Sakaev, Konstantin"]
[Black "Duda, Jan-Krzysztof"]
[Site "St. Petersburg"]
[Round "12.18"]
[Annotator "ChessBase"]
[Result "1/2-1/2"]
[Date "2018.12.28"]
[WhiteElo "2584"]
[BlackElo "2738"]
[PlyCount "51"]
[TimeControl "900+10"]

1. d4 Nf6 2. c4 g6 3. Nc3 d5 4. Nf3 Bg7 5. h4 c6 6. cxd5 cxd5 7. Bf4 Nc6 8. e3 0-0 9. Qb3 Na5 10. Qb4 Nc6 11. Qb3 Na5 12. Qb4 Ne4 13. Rc1 Nc6 14. Qb3 Nxc3 15. Rxc3 e5 16. Nxe5 Nxe5 17. Bxe5 Bxe5 18. dxe5 d4 19. exd4 Qxd4 20. Bc4 Qxe5+ 21. Re3 Qa5+ 22. Ke2 Bg4+ 23. f3 Bd7 24. Qc3 Qxc3 25. Rxc3 Rad8 26. Rd1 1/2-1/2

[Event "FIDE World Rapid-ch Open 2018"]
[White "Salem, A.R. Saleh"]
[Black "Goganov, Aleksey"]
[Site "St. Petersburg"]
[Round "12.19"]
[Annotator "ChessBase"]
[Result "1-0"]
[Date "2018.12.28"]
[WhiteElo "2660"]
[BlackElo "2612"]
[PlyCount "101"]
[TimeControl "900+10"]

1. e4 e6 2. d4 d5 3. Nd2 c5 4. exd5 Qxd5 5. Ngf3 cxd4 6. Bc4 Qd8 7. 0-0 Nc6 8. Nb3 a6 9. Nbxd4 Nxd4 10. Qxd4 Qxd4 11. Nxd4 Nf6 12. Be2 e5 13. Nb3 Be6 14. Rd1 Rc8 15. c3 Be7 16. Bf3 e4 17. Be2 0-0 18. Nd4 Bg4 19. Bxg4 Nxg4 20. Bf4 Rfd8 21. h3 Nf6 22. Nf5 Bf8 23. Bg5 Rxd1+ 24. Rxd1 Ne8 25. Rd7 f6 26. Bf4 b5 27. Ra7 g6 28. Ne7+ Bxe7 29. Rxe7 f5 30. Bh6 Nf6 31. Rg7+ Kh8 32. Ra7 Rc6 33. Rf7 Rd6 34. Kh2 Nd7 35. g4 fxg4 36. hxg4 Kg8 37. Rg7+ Kh8 38. Re7 Kg8 39. Kg2 Rd3 40. b3 Nf6 41. Rg7+ Kf8 42. Rxg6+ Kf7 43. Rg7+ Ke6 44. c4 bxc4 45. bxc4 Rc3 46. g5 Nh5 47. Rxh7 Nf4+ 48. Kh2 Kf5 49. Rf7+ Kg4 50. Rxf4+ Kxf4 51. g6+ 1-0

[Event "FIDE World Rapid-ch Open 2018"]
[White "Vallejo Pons, Francisco"]
[Black "Harikrishna, Pentala"]
[Site "St. Petersburg"]
[Round "12.22"]
[Annotator "ChessBase"]
[Result "0-1"]
[Date "2018.12.28"]
[WhiteElo "2695"]
[BlackElo "2725"]
[PlyCount "78"]
[TimeControl "900+10"]

1. d4 Nf6 2. c4 e6 3. Nc3 Bb4 4. Qc2 d5 5. cxd5 Qxd5 6. Nf3 Qf5 7. Qb3 Nc6 8. Bd2 0-0 9. h3 Bxc3 10. Bxc3 b6 11. g4 Qd5 12. Qc2 Bb7 13. Bg2 Qd6 14. Rd1 Nb4 15. Qb3 a5 16. Nh4 Bd5 17. Bxd5 Nfxd5 18. a3 Qc6 19. Bxb4 axb4 20. 0-0 bxa3 21. bxa3 Ra4 22. Rc1 Qa8 23. e3 Rxa3 24. Qc2 b5 25. Ng2 b4 26. Qc5 b3 27. e4 Nf6 28. f3 b2 29. Rb1 Rb8 30. Qxc7 h6 31. h4 Ra1 32. g5 Rxb1 33. Rxb1 Rc8 34. Qf4 Qa2 35. Rxb2 Qxb2 36. gxf6 Qxd4+ 37. Kh2 Qxf6 38. Qg3 Rc2 39. Qg4 Qe5+ 0-1

[Event "FIDE World Rapid-ch Open 2018"]
[White "Grischuk, Alexander"]
[Black "Postny, Evgeny"]
[Site "St. Petersburg"]
[Round "12.24"]
[Annotator "ChessBase"]
[Result "1-0"]
[Date "2018.12.28"]
[WhiteElo "2771"]
[BlackElo "2615"]
[PlyCount "59"]
[TimeControl "900+10"]

1. Nf3 d5 2. g3 c6 3. Bg2 Bg4 4. 0-0 Nd7 5. d4 e6 6. c4 Ngf6 7. cxd5 exd5 8. Nc3 Bd6 9. Nh4 Nb6 10. f3 Be6 11. e4 Be7 12. e5 Nfd7 13. f4 Bxh4 14. f5 Bxf5 15. Rxf5 Be7 16. Qg4 g6 17. Rf2 0-0 18. Bh6 f5 19. Qh3 Re8 20. g4 f4 21. Ne2 Bh4 22. Rxf4 Bg5 23. Rf2 Bxh6 24. Qxh6 Rf8 25. Nf4 Qe7 26. g5 Rf5 27. Nxg6 Qxg5 28. Ne7+ Qxe7 29. Rxf5 Nf8 30. Raf1 1-0

[Event "FIDE World Rapid-ch Open 2018"]
[White "Rakhmanov, Aleksandr"]
[Black "Akopian, Vladimir"]
[Site "St. Petersburg"]
[Round "12.25"]
[Annotator "ChessBase"]
[Result "1-0"]
[Date "2018.12.28"]
[WhiteElo "2629"]
[BlackElo "2650"]
[PlyCount "57"]
[TimeControl "900+10"]

1. c4 e5 2. Nf3 Nc6 3. d4 e4 4. Nfd2 f5 5. e3 Nf6 6. Nc3 Bb4 7. Qb3 a5 8. a3 Bxc3 9. Qxc3 d5 10. Be2 0-0 11. 0-0 Be6 12. b4 axb4 13. axb4 Rxa1 14. Qxa1 Nxb4 15. Qb1 Nd3 16. Ba3 Re8 17. Bxd3 exd3 18. c5 f4 19. Qxd3 fxe3 20. Qxe3 Bg4 21. Qb3 Re2 22. Bc1 Qc8 23. Nb1 Re8 24. Nc3 Be2 25. Nxd5 Nxd5 26. Qxd5+ Kh8 27. Re1 Bb5 28. Be3 Bc6 29. Qh5 1-0

[Event "FIDE World Rapid-ch Open 2018"]
[White "Motylev, Alexander"]
[Black "Tari, Aryan"]
[Site "St. Petersburg"]
[Round "12.26"]
[Annotator "ChessBase"]
[Result "1-0"]
[Date "2018.12.28"]
[WhiteElo "2644"]
[BlackElo "2620"]
[PlyCount "54"]
[TimeControl "900+10"]

1. e4 c6 2. d4 d5 3. e5 Bf5 4. Nf3 e6 5. c3 Ne7 6. Nbd2 Nd7 7. Nh4 c5 8. Be2 Bg6 9. 0-0 Nf5 10. Nxg6 hxg6 11. Nf3 Be7 12. g3 g5 13. Kg2 cxd4 14. cxd4 Nb8 15. h3 Nc6 16. Qa4 Qb6 17. Rd1 f6 18. Bd3 Kf7 19. Bxf5 exf5 20. Qc2 g4 21. hxg4 fxg4 22. Nh4 Rxh4 23. gxh4 Nxd4 24. e6+ Nxe6 25. Rxd5 Rd8 26. Qc4 Rxd5 27. Qxd5 g6 1-0

[Event "FIDE World Rapid-ch Open 2018"]
[White "Shirov, Alexei"]
[Black "Demidov, Mikhail"]
[Site "St. Petersburg"]
[Round "12.27"]
[Annotator "ChessBase"]
[Result "1-0"]
[Date "2018.12.28"]
[WhiteElo "2643"]
[BlackElo "2520"]
[PlyCount "71"]
[TimeControl "900+10"]

1. e4 Nf6 2. e5 Nd5 3. d4 d6 4. c4 Nb6 5. exd6 exd6 6. Nc3 Be7 7. Bd3 0-0 8. Nge2 Bg5 9. 0-0 Nc6 10. Be4 Re8 11. Qd3 Nb4 12. Qd1 d5 13. cxd5 N4xd5 14. Qd3 h6 15. Bxg5 Qxg5 16. f4 Qd8 17. f5 Nf6 18. Bf3 Qe7 19. Rfe1 Qe3+ 20. Qxe3 Rxe3 21. Kf2 Rd3 22. Rad1 Rxd1 23. Rxd1 Bxf5 24. Bxb7 Ng4+ 25. Kg3 Rb8 26. Bf3 Ne3 27. Rc1 Bd7 28. Ne4 Nbd5 29. Nc5 Bf5 30. Nc3 c6 31. Nxd5 Nxd5 32. b3 Rb4 33. Bxd5 cxd5 34. Kf4 Be4 35. a3 Rxd4 36. Ke3 1-0

[Event "FIDE World Rapid-ch Open 2018"]
[White "Yuffa, Daniil"]
[Black "Grigoriants, Sergey"]
[Site "St. Petersburg"]
[Round "12.29"]
[Annotator "ChessBase"]
[Result "1/2-1/2"]
[Date "2018.12.28"]
[WhiteElo "2572"]
[BlackElo "2540"]
[PlyCount "91"]
[TimeControl "900+10"]

1. d4 Nf6 2. c4 e6 3. g3 c5 4. d5 exd5 5. cxd5 d6 6. Nc3 g6 7. Bg2 Bg7 8. Nf3 0-0 9. 0-0 Re8 10. Bf4 Nh5 11. Bg5 Qd7 12. Qb3 b6 13. Rfe1 h6 14. Bd2 Na6 15. Rad1 Bb7 16. e4 Nb4 17. Bf1 Ba6 18. Bxa6 Nxa6 19. Nb5 Nc7 20. Nxc7 Qxc7 21. Bc3 Qd7 22. Bxg7 Nxg7 23. e5 Re7 24. e6 fxe6 25. dxe6 Rxe6 26. Ne5 Qe8 27. Rxd6 Kh7 28. Rxe6 Qxe6 29. Qxe6 Nxe6 30. Nxg6 Kxg6 31. Rxe6+ Kf5 32. Rxh6 Rd8 33. Rh7 Rd2 34. Rxa7 Rxb2 35. h4 b5 36. Kg2 c4 37. h5 Kg5 38. g4 c3 39. Kg3 Rb4 40. f4+ Kh6 41. Ra6+ Kh7 42. Ra7+ Kh8 43. Ra8+ Kh7 44. Ra7+ Kh8 45. Ra8+ Kh7 46. Ra7+ 1/2-1/2

[Event "FIDE World Rapid-ch Open 2018"]
[White "Mchedlishvili, Mikheil"]
[Black "Moiseenko, Vadim"]
[Site "St. Petersburg"]
[Round "12.30"]
[Annotator "ChessBase"]
[Result "1-0"]
[Date "2018.12.28"]
[WhiteElo "2610"]
[BlackElo "2501"]
[PlyCount "99"]
[TimeControl "900+10"]

1. d4 d5 2. c4 dxc4 3. Nf3 a6 4. e3 Bg4 5. Bxc4 e6 6. Nc3 Nc6 7. h3 Bh5 8. Be2 Nf6 9. g4 Bg6 10. Nh4 Be4 11. f3 Nd5 12. Ng2 Bg6 13. e4 Nb6 14. Be3 Be7 15. h4 h6 16. Qd2 Bh7 17. g5 Qd6 18. 0-0-0 0-0-0 19. gxh6 gxh6 20. Nf4 Na5 21. b3 e5 22. Nfd5 Nxd5 23. Nxd5 Qxd5 24. exd5 Ba3+ 25. Qb2 Bxb2+ 26. Kxb2 Rxd5 27. Bxh6 exd4 28. h5 Bc2 29. Kxc2 Rxh6 30. f4 Nc6 31. Kd2 Kd8 32. Rdg1 Rf5 33. Rh4 Ke7 34. Rg5 Kf6 35. Rxf5+ Kxf5 36. Kd3 Kf6 37. Bf3 Nd8 38. Kxd4 Ne6+ 39. Ke3 c6 40. Bg4 Ng7 41. Rh2 Rh8 42. h6 Ne8 43. Kd4 b6 44. Bf3 c5+ 45. Kd5 Kf5 46. Rh4 Nc7+ 47. Kc6 Ne6 48. Bg4+ Ke4 49. Bxe6 fxe6 50. Kxb6 1-0

[Event "FIDE World Rapid-ch Open 2018"]
[White "Tang, Andrew"]
[Black "Potkin, Vladimir"]
[Site "St. Petersburg"]
[Round "12.32"]
[Annotator "ChessBase"]
[Result "1-0"]
[Date "2018.12.28"]
[WhiteElo "2487"]
[BlackElo "2597"]
[PlyCount "63"]
[TimeControl "900+10"]

1. d4 d5 2. Bf4 Nf6 3. e3 c5 4. dxc5 Nc6 5. Bb5 e6 6. b4 a5 7. c3 Be7 8. Ne2 0-0 9. Qb3 e5 10. Bg3 Ne4 11. 0-0 Be6 12. Rd1 Qc7 13. Qb2 f5 14. f3 Nxg3 15. hxg3 b6 16. Bxc6 Qxc6 17. a4 axb4 18. cxb4 bxc5 19. b5 Qb6 20. a5 Qb8 21. b6 c4 22. Nbc3 Rd8 23. Qb5 d4 24. exd4 exd4 25. Nxd4 Rxd4 26. Rxd4 Qxg3 27. Qc6 Qe5 28. Qxa8+ Kf7 29. Rad1 Bc5 30. Qd8 Qe3+ 31. Kf1 Qxc3 32. b7 1-0

[Event "FIDE World Rapid-ch Open 2018"]
[White "Van Foreest, Jorden"]
[Black "Ragger, Markus"]
[Site "St. Petersburg"]
[Round "12.33"]
[Annotator "ChessBase"]
[Result "1/2-1/2"]
[Date "2018.12.28"]
[WhiteElo "2614"]
[BlackElo "2687"]
[PlyCount "77"]
[TimeControl "900+10"]

1. e4 e5 2. Nf3 Nc6 3. Bc4 Bc5 4. c3 Nf6 5. d3 0-0 6. 0-0 d5 7. exd5 Nxd5 8. Re1 Bg4 9. h3 Bh5 10. Nbd2 Nb6 11. Bb3 Qxd3 12. Nxe5 Bxd1 13. Nxd3 Bxb3 14. axb3 Be7 15. b4 Rfe8 16. Nb3 Rad8 17. b5 Rxd3 18. bxc6 bxc6 19. Rxa7 Kf8 20. Kf1 Bd6 21. Nd4 c5 22. Rxe8+ Kxe8 23. Ke2 c4 24. Bd2 Be5 25. Nc6 Bd6 26. Ra5 Rd5 27. Rxd5 Nxd5 28. Be3 Bf4 29. Bd4 Bc1 30. Kd1 Bxb2 31. Kc2 Ba1 32. Na5 c5 33. Bxg7 f6 34. Nxc4 Bxc3 35. Bh6 Bd4 36. f3 Kd7 37. Bd2 f5 38. g4 Ke6 39. Kd3 {[%emt 0:0:4] Ke5 Ke4+} 1/2-1/2

[Event "FIDE World Rapid-ch Open 2018"]
[White "Tomashevsky, Evgeny"]
[Black "Bazeev, German"]
[Site "St. Petersburg"]
[Round "12.34"]
[Annotator "ChessBase"]
[Result "1-0"]
[Date "2018.12.28"]
[WhiteElo "2705"]
[BlackElo "2416"]
[PlyCount "43"]
[TimeControl "900+10"]

1. c4 e5 2. Nc3 Nc6 3. g3 h5 4. h4 Bb4 5. Bg2 Nge7 6. Nf3 Bxc3 7. bxc3 d6 8. d4 Bf5 9. d5 Nb8 10. c5 Na6 11. Qa4+ Kf8 12. Ba3 f6 13. c6 Qe8 14. cxb7 Qxa4 15. bxa8=Q+ Bc8 16. Bb4 Nxb4 17. cxb4 Qxb4+ 18. Nd2 Qa5 19. Qb8 Kf7 20. Qb2 Bf5 21. 0-0 g5 22. Nf3 1-0

[Event "FIDE World Rapid-ch Open 2018"]
[White "Levin, Evgeny A."]
[Black "Sjugirov, Sanan"]
[Site "St. Petersburg"]
[Round "12.35"]
[Annotator "ChessBase"]
[Result "1-0"]
[Date "2018.12.28"]
[WhiteElo "2516"]
[BlackElo "2663"]
[PlyCount "83"]
[TimeControl "900+10"]

1. d4 Nf6 2. c4 g6 3. Nc3 d5 4. cxd5 Nxd5 5. e4 Nxc3 6. bxc3 Bg7 7. Nf3 c5 8. Be3 0-0 9. Qd2 Nd7 10. Bd3 b6 11. 0-0 e6 12. Bh6 Bb7 13. Rfe1 Rc8 14. Rad1 Qc7 15. h4 Nf6 16. Rc1 Rfd8 17. Bg5 Re8 18. Bh6 Qe7 19. Bg5 Qf8 20. Qb2 Ng4 21. Bb5 Bc6 22. Bxc6 Rxc6 23. d5 Rcc8 24. Qd2 f6 25. Bf4 e5 26. Be3 c4 27. Rcd1 Qd6 28. Qe2 Nxe3 29. Qxe3 h5 30. a4 Kh7 31. Rb1 Bh6 32. Qe2 Qa3 33. Qc2 Qd6 34. a5 bxa5 35. Rb5 Re7 36. Rxa5 Qb6 37. Rea1 Kg7 38. Qa4 Qd8 39. Rxa7 f5 40. Nxe5 Rxa7 41. Qxa7+ Rc7 42. Qd4 1-0

[Event "FIDE World Rapid-ch Open 2018"]
[White "Hovhannisyan, Robert"]
[Black "Bocharov, Dmitry"]
[Site "St. Petersburg"]
[Round "12.36"]
[Annotator "ChessBase"]
[Result "1-0"]
[Date "2018.12.28"]
[WhiteElo "2637"]
[BlackElo "2533"]
[PlyCount "55"]
[TimeControl "900+10"]

1. e4 c5 2. Nf3 d6 3. d4 cxd4 4. Nxd4 Nf6 5. Nc3 a6 6. Be2 e5 7. Nf3 h6 8. Nd2 b5 9. a4 b4 10. Nd5 Nxd5 11. exd5 a5 12. Bb5+ Bd7 13. Nc4 Qc7 14. Qe2 Ra7 15. f4 f6 16. 0-0 Be7 17. Qh5+ Kd8 18. b3 Rb7 19. Be3 Be8 20. Qg4 g5 21. fxe5 fxe5 22. Bxe8 Rxe8 23. Rf7 Nd7 24. Raf1 Rb8 25. Rh7 Qb7 26. Qd1 Rf8 27. Rxf8+ Bxf8 28. Nxa5 1-0